 Dungeon Crawl Stone Soup version 0.30-a0-576-g89cddaab80 (webtiles) character file.

Game seed: 15406914890524317751

11487 kae the Transmogrifier (level 11, -1/126 HPs)
             Began as a Demonspawn Transmuter on Dec 30, 2022.
             Was a Follower of Ru.
             Slain by a kobold brigand
             ... wielding a +0 club
              (6 damage)
             ... on level 13 of the Dungeon.
             The game lasted 00:15:48 (12338 turns).

kae the Transmogrifier (Demonspawn Transmuter)     Turns: 12338, Time: 00:15:49

Health: -1/126     AC: 11    Str: 13    XL:     11   Next: 50%
Magic:  0/21       EV: 10    Int: 23    God:    Ru [*.....]
Gold:   1125       SH:  0    Dex: 13    Spells: 11/24 levels left

rFire   x . .      SeeInvis .      - Unarmed
rCold   + + +      Faith    .    (shield currently unavailable)
rNeg    . . .      Spirit   +    (body armour currently unavailable)
rPois   +          Reflect  .    (helmet currently unavailable)
rElec   .          Harm     .    (cloak currently unavailable)
rCorr   .          Rampage  .    (gloves currently unavailable)
Will    .....                    (boots currently unavailable) Stlth
                                 G - amulet of guardian spirit
HPRegen 0.41/turn                I - +6 ring of intelligence
MPRegen 0.17/turn                (no ring)

@: berserking, ice-form, very quick
A: freezing attack, amphibious, boosted hp, large, ignite blood 2, hated by all,
(sanguine armour 2), demonic magic 2, (horns 1), (sturdy frame 1)
a: End Transformation, Renounce Religion, Sacrifice Experience, Sacrifice
Durability, Sacrifice Resistance, Reject Sacrifices


You were on level 13 of the Dungeon.
You worshipped Ru.
Ru was aware of your devotion.
You were a creature of crystalline ice.
You visited 2 branches of the dungeon, and saw 13 of its levels.
You also visited: Bailey.

You collected 1125 gold pieces.


Innate Abilities, Weirdness & Mutations

You are a creature of crystalline ice.
You have a powerful freezing melee attack.
You are amphibious.
Your maximum health is increased.
Your armour is entirely melded.
You are incapable of wielding weapons or throwing items.
Your demonic aura often causes spilled blood to erupt in flames.
You are hated by all.
((When seriously injured, your blood forms thick armour. (AC +0)))
Spells you cast may paralyse nearby enemies.
((You have a pair of small horns on your head.))
((Your movements are slightly less encumbered by armour. (ER -2)))


   Skills:
 - Level 1.0 Fighting
 - Level 1.7 Dodging
 + Level 7.5 Unarmed Combat
 + Level 7.3 Spellcasting
 * Level 10.2 Transmutations
 * Level 9.2 Ice Magic
 - Level 1.5 Poison Magic


You had 11 spell levels left.
You knew the following spells:

 Your Spells              Type           Power      Damage    Failure   Level
a - Beastly Appendage     Tmut           100%       N/A       1%          1
b - Wereblood             Tmut           53%        N/A       1%          2
c - Spider Form           Tmut/Pois      35%        N/A       1%          3
d - Ice Form              Ice/Tmut       52%        N/A       1%          4
e - Frozen Ramparts       Ice            100%       1d16      1%          3

Your spell library contained the following spells:

 Spells                   Type           Power      Damage    Failure   Level
 Magic Dart               Conj           32%        1d4       8%          1
 Poisonous Vapours        Pois/Air       22%        N/A       9%          2
 Cigotuvi's Dreadful Rot  Necr/Pois/Air  20%        N/A       10%         2
 Blink                    Tloc           16%        N/A       12%         2
 Momentum Strike          Conj/Tloc      16%        3d8       12%         2
 Mephitic Cloud           Conj/Pois/Air  10%        N/A       19%         3
 Dazzling Flash           Conj/Hex       16%        N/A       22%         3
 Inner Flame              Hex/Fire       8%         N/A       22%         3
 Lesser Beckoning         Tloc           16%        N/A       22%         3
 Flame Wave               Conj/Fire      8%         2d5       58%         4
 Manifold Assault         Tloc           8%         N/A       58%         4
 Sticky Flame             Conj/Fire      8%         2d3       58%         4
 Agony                    Necr           8%         N/A       91%         5
 Silence                  Hex/Air        4%         N/A       91%         5
 Dispersal                Tloc           4%         N/A       100%        6
 Disjunction              Tloc           4%         N/A       100%        8
 Summon Ice Beast         Ice/Summ       Unusable   N/A       N/A         4
 Call Imp                 Summ           Unusable   N/A       N/A         2

Inventory:

Missiles
 d - 63 stones
 e - 18 poisoned darts
 g - 22 boomerangs
 A - 2 throwing nets {=f!f}
Armour
 a - a +1 robe (melded)
 r - the +2 ratskin cloak (melded) {*Rats rPois rN+ Str-1 Int-1 Dex+1}
   (You found it on level 5 of the Dungeon)

   When the wearer is hurt, rats may emerge from it to assist them.
   Str:       It affects your strength (-1).
   Int:       It affects your intelligence (-1).
   Dex:       It affects your dexterity (+1).
   rPois:     It protects you from poison.
   rN:        It protects you from negative energy.
Magical Staves
 m - a staff of death {!a}
   (You found it on level 3 of the Dungeon)
 o - a staff of death {!a}
   (You found it on level 4 of the Dungeon)
 u - a staff of poison {!a}
   (You found it on level 4 of the Dungeon)
 E - a staff of air {!a}
   (You found it on level 9 of the Dungeon)
Jewellery
 G - an amulet of guardian spirit (around neck)
   (You took it off a hobgoblin on level 3 of the Dungeon)
 I - a +6 ring of intelligence (left front paw)
   (You found it on level 4 of the Dungeon)
Wands
 f - a wand of flame (14)
   (You found it on level 13 of the Dungeon)
 q - a wand of iceblast (10)
   (You found it on level 6 of the Dungeon)
 s - a wand of charming (21)
   (You took it off a goblin on level 3 of the Dungeon)
 t - a wand of polymorph (10)
   (You took it off Natasha on level 4 of the Dungeon)
 D - a wand of acid (5)
   (You found it on level 9 of the Dungeon)
Scrolls
 c - 4 scrolls of immolation {!r!r}
 w - a scroll of enchant armour
 B - a scroll of enchant weapon
Potions
 b - 2 potions of lignification {!q}
 h - 4 potions of flight
 i - 2 potions of berserk rage {!q}
 j - a potion of cancellation
 k - a potion of ambrosia
 l - 3 potions of curing {@q1}
 n - a potion of degeneration {!q}
 p - 3 potions of attraction {!q}
 x - a potion of brilliance
 z - 2 potions of magic
Miscellaneous
 v - a condenser vane
   (You found it in a bailey)

Dungeon Overview and Level Annotations

Branches:
Dungeon (14/15) Zot: 26963  Temple (1/1) D:4 Zot: 5776    Lair (0/5) D:8
    Orc (0/2) D:10         Bailey (visited)
 Vaults: D:13-14

Altars:
Ashenzari
Cheibriados
Dithmenos
Gozag
Kikubaaqudgha
Makhleb
Nemelex Xobeh
Okawaru
Qazlal
Ru
Trog
Uskayaw
Vehumet
Wu Jian
Xom

Annotations:
D:6 exclusion: steam dragon
D:13 Urug

#..8..#+# .......#
#......# #.z#...#
#..#...# #..#.z.#..
###..'...#.######
#....#...#.#....#....
#...Y#####.#..e.'....
###.WK.....#....#....
#.e.....##....#...
#.......#.....#..#
#.......#.....#..#
#.).....####'##..#
######.......o........#
#.....................##
##......................


You could see Urug, a skeletal warrior, a deep elf pyromancer, a kobold brigand
and a shadow.


Message History

The kobold demonologist hits you but does no damage.
The wraith hits you but does no damage.
You redirect the orange demon's attack!
The orange demon stings the kobold demonologist!
The kobold demonologist dies!
The orange demon disappears in a puff of smoke!
Unknown command.
Things that are here:
a +0 dagger; a +0 robe; a kobold corpse You punch the wraith!
You punch the wraith! You freeze the wraith. The wraith closely misses you.
You hit the wraith but do no damage. 😨 HP[+1] Unknown command.
You hit the wraith. The wraith barely misses you.
You hit the wraith but do no damage.
Unknown command.
You pummel the wraith!! You freeze the wraith.
You destroy the wraith!
Your extra speed is starting to run out. 😮 HP[+1] MP[+1]
A kobold brigand comes into view.
It is wielding a +0 club and quivering curare-tipped darts.
The kobold brigand shouts!
A shadow comes into view. 😮 HP[+1]
A deep elf pyromancer comes into view. It is wielding a +0 rapier.
The deep elf pyromancer shouts!
The kobold brigand throws a curare-tipped dart.
The curare-tipped dart hits you.
You redirect the shadow's attack!
There is an open door here.
You close the door.
You feel yourself slow down.
The kobold brigand throws a curare-tipped dart.
The curare-tipped dart hits you.
You have difficulty breathing.
* * * LOW HITPOINT WARNING * * *
You feel yourself slow down. 😨 HP[-8] MP[-1]
You take 8 damage, and now have 36/84 hp.
You lost 1 mp, and now have 9/21 mp.
The shadow hits you. 😨 HP[+1] MP[+1] Unknown command.
The shadow hits you.
* * * LOW HITPOINT WARNING * * *
Something unseen breaks down the door. 😨 HP[-4] MP[-1]
You take 4 damage, and now have 33/84 hp.
You lost 1 mp, and now have 9/21 mp.
The shadow slips into darkness.
The shadow flickers and vanishes!
Deactivating autopickup; reactivate with Ctrl-A. 😨 HP[+1]
The kobold brigand barely misses you.
The kobold brigand attacks as you move away!
The kobold brigand closely misses you. 😨 HP[+1] MP[+1]
The kobold brigand is stunned by your conviction and fails to attack.
The deep elf pyromancer gestures wildly while chanting.
The deep elf pyromancer blinks!
The shadow strikes at you from the darkness!
* * * LOW HITPOINT WARNING * * *
Reactivating autopickup.
The deep elf pyromancer begins to cast a spell, but is stunned by your conviction!
The kobold brigand hits you but does no damage. 😱 HP[-22] MP[-6]
You take 22 damage, and now have 13/84 hp.
MASSIVE DAMAGE!! (PAUSE)
You lost 6 mp, and now have 4/21 mp.
The shadow hits you. 😱 HP[+1]
The shadow attacks as you move away! The shadow hits you!
* * * LOW HITPOINT WARNING * * *
A kobold comes into view. It is wielding a +0 dagger.
The kobold brigand hits you but does no damage.
The kobold moves out of view. 😱 HP[-5] MP[-1]
You take 5 damage, and now have 9/84 hp.
You lost 1 mp, and now have 3/21 mp.
Unknown command.
As you read the scroll of identify {@r1}, it crumbles to dust.
n - a potion of degeneration The shadow slips into darkness.
The shadow flickers and vanishes!
Deactivating autopickup; reactivate with Ctrl-A.
The kobold brigand hits you but does no damage.
The shadow strikes at you from the darkness!
* * * LOW HITPOINT WARNING * * *
Reactivating autopickup. 😱 HP[-6] MP[-2]
You take 6 damage, and now have 3/84 hp.
You lost 2 mp, and now have 1/21 mp.
Really quaff
i - 3 potions of berserk rage {!q}? [Y]es or [N]o only, please.
Really quaff
i - 3 potions of berserk rage {!q}?
A red film seems to cover your vision as you go berserk!
You feel yourself moving faster!
You feel mighty!
You feel yourself speed up.
The kobold brigand hits you with a +0 club!
You die...

Skill      XL: |  1  2  3  4  5  6  7  8  9 10 11 |
---------------+----------------------------------+-----
Transmutations | 2 3 4 5 6 8 9 10 | 10.2
Unarmed Combat | 3 4 5 6 7 |  7.5
Poison Magic   | 1 |  1.5
Spellcasting   | 3 4 5 6 7 |  7.3
Ice Magic      | 1 3 5 6 8 9 |  9.2
Fighting       | |  1.0
Dodging        | |  1.7

Action                   |  1- 3 |  4- 6 |  7- 9 | 10-12 || total
-------------------------+-------+-------+-------+-------++-------
Melee: Unarmed           |    81 |   193 |   319 |   172 ||   765
       Kick              |    13 |    20 |       |       ||    33
       Headbutt          |    11 |    11 |     1 |       ||    23
       Punch             |     2 |     2 |     1 |       ||     5
 Cast: Beastly Appendage |    16 |    15 |     4 |     2 ||    37
       Spider Form       |     2 |    12 |    13 |       ||    27
       Wereblood         |       |     2 |       |     3 ||     5
       Ice Form          |       |       |    34 |    22 ||    56
       Frozen Ramparts   |       |       |       |    14 ||    14
Invok: Sacrifice Love    |       |       |     1 |       ||     1
  Use: Scroll            |       |     4 |     8 |     6 ||    18
       Potion            |       |     2 |     4 |     7 ||    13
 Stab: Paralysed         |     1 |     6 |     2 |    12 ||    21
       Sleeping          |       |       |     2 |       ||     2
       Distracted        |       |       |       |     1 ||     1
Armor: Robe              |     7 |    13 |     1 |       ||    21
       Skin              |       |     8 |    62 |    85 ||   155
Dodge: Dodged            |    44 |   186 |   166 |   110 ||   506

Levels and vault maps discovered:
D:1:      mrwooster_arrival_statue, layout_rooms, serial_forest,
          infiniplex_forest_straight_2, infiniplex_forest_clump_curved,
          infiniplex_forest_clump_tiny, infiniplex_forest_clump_medium,
          infiniplex_forest_lined_2, infiniplex_forest_end_3,
          infiniplex_forest_clump_diagonal, minmay_hedge_maze
D:2:      layout_loops_corners, serial_glass, glass_columns_c, glass_columns_b,
          dk_noncrumbling_2
D:3:      layout_loops_cross, uniq_terence
D:4:      kennysheep_goblin_castle, layout_basic, fedhas_altar_2,
          mainiacjoe_overflow_alcove_2, minmay_temple_entry_large_hall,
          serial_curves, eino_curves_02, eino_curves_03, minmay_joined_circles,
          uniq_natasha
D:5:      wander_guarded_unrand_ratskin, layout_loops_ring, uniq_menkaure,
          uniq_prince_ribbit1
D:6:      layout_loops_corners, eino_tiny_chamber, grunt_ministairs_4,
          uniq_duvessa
D:7:      layout_loops_cross, enter_bailey_3
D:8:      layout_loops_ring, david_lair_generic, lemuel_flamethrower_2
D:9:      layout_irregular_city, kiku_gazebo_pond_becter,
          chequers_serial_rivers_micro_e
D:10:     layout_basic, lemuel_coloured_pillars_altar, hiddenorc2_lemuel,
          nicolae_trove_entry_free_sample
D:13:     layout_irregular_city, david_vaults_3, serial_undead, serial_undead_a,
          serial_undead_c, serial_undead_e, serial_undead_c,
          gammafunk_ghost_hive
D:14:     layout_layer_cave, serial_shops, shop, shop_coins,
          nicolae_shop_hallway_stairs, kennysheep_little_box,
          portal_ice_cave_entry_pillars_three, minmay_misc_feat_rugged
Temple:   regret_index_temple_mists

Notes
Turn   | Place    | Note
-------+----------+-------------------------------------------
     0 | D:1      | kae the Demonspawn Transmuter began the quest for the Orb.
     0 | D:1      | Reached XP level 1. HP: 15/15 MP: 3/3
     0 | D:1      | magus.rc [v1.11.3]
    33 | D:1      | Reached skill level 2 in Transmutations
   129 | D:1      | Gained mutation: Your demonic aura sometimes causes spilled
                  | blood to erupt in flames. [demonic ancestry]
   129 | D:1      | Reached XP level 2. HP: 20/21 MP: 3/5
   202 | D:1      | Learned a level 2 spell: Wereblood
   227 | D:1      | Reached skill level 3 in Unarmed Combat
   300 | D:1      | Gained mutation: Spells you cast may paralyse adjacent
                  | enemies. [demonic ancestry]
   300 | D:1      | Reached XP level 3. HP: 26/26 MP: 6/6
   304 | D:1      | Learned a level 3 spell: Spider Form
  1096 | D:2      | Reached skill level 1 in Poison Magic
  1121 | D:2      | Gained mutation: When seriously injured, your blood forms
                  | armour. (AC +0) [demonic ancestry]
  1121 | D:2      | Reached XP level 4. HP: 21/32 MP: 4/7
  1491 | D:2      | Reached skill level 3 in Transmutations
  2085 | D:3      | You pick up a book of Vapours and begin reading...
  2085 | D:3      | You add the spells Poisonous Vapours, Cigotuvi's Dreadful
                  | Rot and Mephitic Cloud to your library.
  2422 | D:3      | Noticed Terence
  2841 | D:4      | Noticed a scorpion
  2846 | D:4      | Killed a scorpion
  2847 | D:4      | Reached XP level 5. HP: 31/37 MP: 4/9
  2916 | D:4      | Noticed a phantom
  2937 | D:4      | Killed a phantom
  2938 | D:4      | Reached skill level 3 in Spellcasting
  2938 | D:4      | Reached skill level 4 in Transmutations
  3015 | D:4      | Learned a level 4 spell: Ice Form
  3075 | D:4      | Found a staircase to the Ecumenical Temple.
  3114 | D:4      | You pick up a book of Flames and begin reading...
  3114 | D:4      | You add the spells Inner Flame, Sticky Flame and Flame Wave
                  | to your library.
  3127 | Temple   | Entered the Ecumenical Temple
  3274 | Temple   | Became a worshipper of Ru the Awakened
  3328 | D:4      | Noticed Natasha
  3338 | D:4      | Killed Natasha
  3339 | D:4      | Gained mutation: Your demonic aura often causes spilled
                  | blood to erupt in flames. [demonic ancestry]
  3339 | D:4      | Reached XP level 6. HP: 32/43 MP: 5/10
  3340 | D:4      | You pick up a book of Spatial Translocations and begin
                  | reading...
  3340 | D:4      | You add the spells Blink, Momentum Strike and Lesser
                  | Beckoning to your library.
  3438 | D:4      | Reached skill level 1 in Ice Magic
  3509 | D:4      | HP: 10/43 [worm (10)]
  3617 | D:4      | Noticed Natasha
  3640 | D:4      | Killed Natasha
  3743 | D:4      | Found a blossoming altar of Fedhas.
  3774 | D:4      | Found a basalt altar of Yredelemnul.
  3980 | D:4      | Noticed Natasha
  3996 | D:4      | Killed Natasha
  3997 | D:4      | Reached skill level 4 in Unarmed Combat
  4131 | D:3      | Killed Terence
  4281 | D:4      | Reached XP level 7. HP: 22/48 MP: 0/12
  4284 | D:4      | Noticed Robin
  4338 | D:4      | Killed Robin
  4499 | D:4      | Reached skill level 2 in Ice Magic
  4650 | D:5      | Entered Level 5 of the Dungeon
  4912 | D:5      | Noticed Prince Ribbit
  4916 | D:5      | Killed Prince Ribbit
  4917 | D:5      | Reached skill level 4 in Spellcasting
  4917 | D:5      | Reached skill level 5 in Transmutations
  4917 | D:5      | Reached skill level 3 in Ice Magic
  5082 | D:5      | Identified the +9 mace of Dung {heavy, Contam rPois Str+4
                  | Int-5}
  5195 | D:5      | Noticed Menkaure
  5234 | D:5      | Killed Menkaure
  5235 | D:5      | Gained mutation: When seriously injured, your blood forms
                  | thick armour. (AC +0) [demonic ancestry]
  5235 | D:5      | Reached XP level 8. HP: 54/54 MP: 7/14
  5495 | D:5      | HP: 10/52 [hell rat (6)]
  5498 | D:5      | Gained mutation: You have a pair of small horns on your
                  | head. [potion of mutation]
  5498 | D:5      | Gained mutation: Your movements are slightly less
                  | encumbered by armour. (ER -2) [potion of mutation]
  5500 | D:5      | HP: 13/52 [hell rat (1)]
  5518 | D:5      | Reached skill level 4 in Ice Magic
  5533 | D:5      | Reached skill level 6 in Transmutations
  5535 | D:5      | Found the +2 ratskin cloak {*Rats rPois rN+ Str-1 Int-1
                  | Dex+1}
  5733 | D:5      | You pick up a book of Minor Magic and begin reading...
  5733 | D:5      | You add the spells Magic Dart and Call Imp to your library.
  5774 | D:5      | You pick up a book of the Warp and begin reading...
  5774 | D:5      | You add the spells Manifold Assault, Dispersal and
                  | Disjunction to your library.
  5855 | D:5      | Reached skill level 5 in Unarmed Combat
  6192 | D:6      | Noticed Duvessa
  6192 | D:6      | Noticed Dowan
  6197 | D:6      | Killed Duvessa
  6200 | D:6      | Killed Dowan
  6770 | D:6      | Identified the +1 ring mail "Kepseyli" {rF+ Dex+2}
  6952 | D:6      | Reached skill level 5 in Ice Magic
  7118 | D:6      | Reached XP level 9. HP: 59/59 MP: 12/16
  7525 | D:7      | Reached skill level 5 in Spellcasting
  7550 | D:7      | Found a flagged portal.
  7572 | Bailey   | Entered a bailey
  7581 | Bailey   | Gained mutation: You are hated by all. [Ru sacrifice]
  7581 | Bailey   | Reached * piety under Ru
  7699 | Bailey   | Reached skill level 7 in Transmutations
  8438 | D:7      | Reached skill level 6 in Ice Magic
  8517 | D:7      | HP: 13/70 [steam dragon] (7)]
  8518 | D:7      | HP: 6/70 [something (8)]
  9287 | D:8      | Noticed a death yak
  9306 | D:7      | Killed a death yak
  9307 | D:7      | Reached skill level 6 in Unarmed Combat
  9307 | D:7      | Reached skill level 8 in Transmutations
  9397 | D:8      | Found a staircase to the Lair.
  9403 | D:8      | Gained mutation: Spells you cast may paralyse nearby
                  | enemies. [demonic ancestry]
  9403 | D:8      | Reached XP level 10. HP: 65/65 MP: 15/18
  9426 | D:8      | You pick up a book of Rime and begin reading...
  9687 | D:8      | You pick up a book of the Senses and begin reading...
  9687 | D:8      | You add the spells Dazzling Flash, Agony and Silence to
                  | your library.
  9774 | D:8      | Reached skill level 7 in Ice Magic
  9985 | D:8      | Learned a level 3 spell: Frozen Ramparts
 10022 | D:9      | Reached skill level 6 in Spellcasting
 10196 | D:9      | Noticed a two-headed ogre
 10209 | D:9      | Killed a two-headed ogre
 10612 | D:9      | Noticed a two-headed ogre
 10618 | D:9      | Killed a two-headed ogre
 10619 | D:9      | Reached skill level 9 in Transmutations
 10733 | D:9      | Found an ancient bone altar of Kikubaaqudgha.
 11108 | D:10     | Entered Level 10 of the Dungeon
 11166 | D:10     | Noticed a two-headed ogre
 11215 | D:10     | Reached skill level 8 in Ice Magic
 11483 | D:10     | Found a staircase to the Orcish Mines.
 11545 | D:10     | Reached skill level 7 in Unarmed Combat
 11717 | D:10     | Killed a two-headed ogre
 11718 | D:10     | Reached XP level 11. HP: 61/70 MP: 9/21
 11848 | D:10     | You fall into a shaft and drop 3 floors!
 12076 | D:13     | HP: 16/84 [something (18)]
 12078 | D:13     | Reached skill level 7 in Spellcasting
 12118 | D:13     | Noticed Urug
 12125 | D:13     | Noticed a skeletal warrior
 12146 | D:13     | Noticed a skeletal warrior
 12193 | D:13     | Noticed a two-headed ogre
 12199 | D:13     | Killed a two-headed ogre
 12200 | D:13     | Reached skill level 10 in Transmutations
 12200 | D:13     | Reached skill level 9 in Ice Magic
 12210 | D:13     | HP: 17/84 [human (7)]
 12215 | D:13     | HP: 5/84 [human (4)]
 12216 | D:13     | HP: 2/84 [human (1)]
 12325 | D:13     | Noticed a deep elf pyromancer
 12334 | D:13     | HP: 13/84 [something (22)]
 12337 | D:13     | HP: 3/84 [something (7)]
 12338 | D:13     | Slain by a kobold brigand

Vanquished Creatures
  4 two-headed ogres
  A death yak (D:7)
  A manticore (D:13)
  A kobold demonologist (D:13)
  Prince Ribbit (D:5)
  A meliai zombie (D:13)
  A vampire (D:13)
  2 wraiths (D:13)
  2 shadows
  A wyvern (D:8)
  2 basilisks (D:8)
  3 steam dragons
  7 humans (D:13)
  Menkaure (D:5)
  An acid dragon (D:9)
  A water moccasin (D:8)
  Duvessa (D:6)
  3 sky beasts
  9 orc warriors
  A hornet zombie (D:13)
  A black bear (D:5)
  An ice beast (D:7)
  2 centaurs
  2 phantoms (D:4)
  A kobold brigand (D:13)
  A gnoll sergeant (D:13)
  A bullfrog (D:7)
  2 necrophages
  3 scorpions
  4 wights (D:9)
  Dowan (D:6)
  11 killer bees
  A howler monkey (D:10)
  A gnoll bouda (D:8)
  2 jellies
  5 orc priests
  4 hounds
  5 iguanas
  12 orc wizards
  A boggart zombie (D:13)
  Natasha (thrice) (D:4)
  3 hell rats (D:5)
  Terence (D:3)
  Robin (D:4)
  9 adders
  12 gnolls
  20 river rats (D:5)
  3 shadow imps
  5 white imps
  2 ufetubi
  7 worms
  3 dart slugs
  39 orcs
  3 bats
  9 endoplasms
  4 giant cockroaches
  31 goblins
  8 hobgoblins
  3 jackals (D:4)
  4 quokkas
  8 ball pythons
  2 frilled lizards (D:2)
  18 kobolds
  4 rats
307 creatures vanquished.

Vanquished Creatures (others)
  A kobold demonologist (D:13)
  An orc warrior (Bailey)
  3 fungi (D:8)
  6 plants (D:1)
  2 withered plants (D:13)
13 creatures vanquished.

Grand Total: 320 creatures vanquished

Table legend:
 A = Non-vault XP
 B = Vault XP
 C = Vault XP percentage of total XP
 D = Non-vault monster count
 E = Vault monster count
 F = Vault count percentage of total count
                 A         B        C        D         E       F
            +---------+---------+-------+---------+---------+-------
      Total |    9697 |    6714 |  40.9 |     165 |     144 |  46.6
            +---------+---------+-------+---------+---------+-------
        D:1 |      48 |       0 |   0.0 |      22 |       0 |   0.0
        D:2 |      65 |       0 |   0.0 |      19 |       0 |   0.0
        D:3 |      19 |      32 |  62.7 |      12 |       1 |   7.7
        D:4 |     314 |     289 |  47.9 |      16 |      38 |  70.4
        D:5 |     589 |     837 |  58.7 |      15 |      25 |  62.5
        D:6 |     464 |     257 |  35.6 |      11 |       4 |  26.7
        D:7 |    1126 |     595 |  34.6 |      19 |       5 |  20.8
        D:8 |     261 |     594 |  69.5 |       8 |       3 |  27.3
        D:9 |    2820 |       0 |   0.0 |      18 |       0 |   0.0
       D:10 |    1673 |     964 |  36.6 |      14 |      32 |  69.6
       D:13 |    2318 |    2576 |  52.6 |      11 |      14 |  56.0
     Bailey |       0 |     570 | 100.0 |       0 |      22 | 100.0
            +---------+---------+-------+---------+---------+-------

Illustrated notes

Table legend:
 A = Kills in this place as a percentage of kills in entire the game.
 B = Kills by you in this place as a percentage of kills by you in the entire game.
 C = Kills by friends in this place as a percentage of kills by friends in the entire game.
 D = Other kills in this place as a percentage of other kills in the entire game.
 E = Experience gained in this place as a percentage of experience gained in the entire game.
 F = Experience gained in this place divided by the number of levels of this place that you have seen.
                   A       B       C       D       E      F
               +-------+-------+-------+-------+-------+----------------------
         Total | 100.0 | 100.0 |   N/A | 100.0 | 100.0 | 1172.2
       Dungeon |  92.9 |  93.2 |   N/A |  50.0 |  96.5 | 1320.1
        Bailey |   7.1 |   6.8 |   N/A |  50.0 |   3.5 | 570.0
               +-------+-------+-------+-------+-------+----------------------

Table legend: (Time is in decaauts)
 A = Elapsed time spent in this place.
 B = Non-inter-level travel time spent in this place.
 C = Inter-level travel time spent in this place.
 D = Time resting spent in this place.
 E = Time spent auto-exploring this place.
 F = Levels seen in this place.
 G = Mean time per level.
                   A        B        C        D        E       F      G
               +--------+--------+--------+--------+--------+-----+--------+
         Total |  12321 |  11946 |    375 |    655 |   9097 |  14 |  880.1 |
       Dungeon |  11541 |  11208 |    333 |    598 |   8606 |  12 |  961.8 |
        Temple |    223 |    182 |     41 |      0 |    159 |   1 |  223.0 |
        Bailey |    557 |    557 |      0 |     57 |    332 |   1 |  557.0 |
               +--------+--------+--------+--------+--------+-----+--------+

Top non-repeatable levels by time:
     D:4: 1798 daAuts
     D:5: 1513 daAuts
     D:6: 1283 daAuts
     D:7: 1224 daAuts
     D:2: 1180 daAuts
     D:9: 1123 daAuts
     D:3: 885 daAuts
     D:8: 738 daAuts
    D:10: 700 daAuts
     D:1: 646 daAuts
  Bailey: 557 daAuts
    D:13: 446 daAuts
  Temple: 223 daAuts
    D:14: 1 daAuts
